 Dungeon Crawl Stone Soup version 0.21.0-3-g78d12a8 (webtiles) character file.

8394 Faca the Basher (level 11, -1/68 HPs)
             Began as a Gargoyle Gladiator on Jan 17, 2018.
             Was an Elder of Wu Jian.
             Slain by a large abomination (22 damage)
             ... on level 1 of the Abyss.
             The game lasted 00:23:53 (10642 turns).

Faca the Basher (Gargoyle Gladiator)               Turns: 10642, Time: 00:23:53

Health: -1/68      AC: 27    Str: 19    XL:     11   Next: 30%
Magic:  11/11      EV:  8    Int:  9    God:    Wu Jian [****..]
Gold:   429        SH:  0    Dex: 13    Spells: 10/10 levels left

rFire    . . .     SeeInvis .   a - +0 flail
rCold    + . .     Gourm    .   (no shield)
rNeg     + . .     Faith    .   x - +0 chain mail
rPois    ∞         Spirit   .   c - +0 helmet
rElec    +         Reflect  .   w - +2 cloak {+Inv}
rCorr    .         Harm     .   M - +0 pair of gloves
MR       .....                  e - +1 pair of boots
Stlth    ..........             (no amulet)
HPRegen  0.21/turn              h - ring of protection from cold
MPRegen  0.12/turn              (no ring)

@: no status effects
A: negative energy resistance 1, electricity resistance, unbreathing,
petrification resistance, rot immunity, AC +8
a: Wall Jump, Serpent's Lash, Renounce Religion, Evoke Invisibility


You were on level 1 of the Abyss.
You worshipped Wu Jian.
Wu Jian was greatly pleased with you.
You were not hungry.

You visited 1 branch of the dungeon, and saw 10 of its levels.
You visited the Abyss 1 time.

You collected 429 gold pieces.

Inventory:

Hand Weapons
 a - a +0 flail (weapon)
 v - a +0 mace of draining
Missiles
 d - 3 throwing nets (quivered)
Armour
 c - a +0 helmet (worn)
 e - a +1 pair of boots (worn)
 w - a +2 cloak of invisibility (worn)
 x - a +0 chain mail (worn)
 F - a +0 plate armour
 M - a +0 pair of gloves (worn)
Jewellery
 h - a ring of protection from cold (left hand)
 j - an uncursed ring of fire
 m - a +3 ring of intelligence
Wands
 H - a wand of disintegration (11)
 J - a wand of digging (22)
Scrolls
 g - 7 scrolls of remove curse
 k - a scroll of fog
 l - 2 scrolls of enchant weapon {unknown}
 n - 2 scrolls of teleportation
 p - 2 scrolls of fear
 u - a scroll of magic mapping
 y - a scroll of blinking {unknown}
 z - 2 scrolls of amnesia {unknown}
 C - a scroll of noise {unknown}
 D - 4 scrolls of enchant armour {unknown}
 I - a scroll of acquirement {unknown}
 K - a scroll of immolation {unknown}
Potions
 b - 2 potions of ambrosia
 i - a potion of might
 o - a potion of lignification
 q - a potion of invisibility {unknown}
 s - a potion of mutation {unknown}
 t - a potion of haste
 A - a potion of cancellation
 B - a potion of brilliance
 G - a potion of agility
Comestibles
 f - 9 rations


   Skills:
 + Level 8.2 Fighting
 * Level 13.7 Maces & Flails
 - Level 1.7 Throwing
 + Level 7.7 Armour
 - Level 2.4 Dodging


You had 10 spell levels left.
You didn't know any spells.

Dungeon Overview and Level Annotations

Branches:
Dungeon (10/15)            Temple (0/1) D:5            Lair (0/6) D:10
    Orc: D:9-12

Altars:
Dithmenos
Makhleb
Trog
Uskayaw
Vehumet
Wu Jian


Innate Abilities, Weirdness & Mutations

You are resistant to torment.
Your stone body is resilient. (AC +8)
You are immune to poison.
You resist negative energy. (rN+)
You are resistant to electric shocks. (rElec)
You can survive without breathing.
You are immune to petrification.
You are immune to rotting.


Message History

The large abomination is moderately damaged.
You hit the large abomination but do no damage.
The large abomination is moderately damaged.
The large abomination hits you!
You hit the large abomination.
The large abomination is moderately damaged.
The large abomination hits you!
* * * LOW HITPOINT WARNING * * *
You hit the large abomination.
The large abomination is heavily damaged.
The large abomination completely misses you.
You sock the large abomination!
The large abomination is heavily damaged.
You hit the large abomination but do no damage.
The large abomination is heavily damaged.
The large abomination closely misses you.
You feel better. The large abomination hits you!
* * * LOW HITPOINT WARNING * * *
You feel better. The large abomination hits you!!
You die...

## . #.# . # . #.#.
#. . #### # ##
≈..... ≈# # ≈ ≈
..≈≈##.≈≈ ≈ ≈ ≈
###≈≈.≈≈. ≈
###......## # . #
...####........#.
#. #
.......X@....#.....
.. .
'###.#########...
.# .. . . . #.#. ..
. . . #.. # .[ .+
.. #. ...#... . ###
# . #


You could see a large abomination.

Vanquished Creatures
  A two-headed ogre (D:8)
  A worldbinder (Abyss:1)
  2 guardian serpents (D:9)
  The ghost of Faca the Cudgeler, a novice GrFi (D:4)
  Grinder (D:6)
  3 hippogriffs
  Prince Ribbit (D:5)
  Sigmund (D:6)
  An air elemental (Abyss:1)
  4 yaks
  A hungry ghost (D:7)
  2 water moccasins
  2 porcupines (D:10)
  A black bear (D:9)
  3 ice beasts
  An orc warrior (D:10)
  3 sky beasts
  A phantom (D:8)
  4 ogres
  5 centaurs
  A crocodile (D:10)
  A gnoll sergeant (D:2)
  2 scorpions
  A wyvern skeleton (D:9)
  13 killer bees
  5 howler monkeys
  2 crimson imps
  A jelly (D:6)
  4 orc priests
  7 hounds
  A quasit (D:9)
  5 orc wizards
  3 bullfrog skeletons
  A centaur skeleton (D:10)
  2 gnoll shamans
  Crazy Yiuf (D:3)
  Jessica (D:2)
  Natasha (twice) (D:3 D:2)
  11 worker ants
  A hound zombie (D:10)
  A worker ant zombie (D:6)
  26 gnolls
  10 adders
  3 shadow imps
  2 worms
  7 leopard geckos
  28 orcs
  3 ball pythons
  6 bats
  6 giant cockroaches
  8 goblins
  5 hobgoblins
  9 jackals
  3 quokkas
  5 frilled lizards
  A jackal zombie (D:8)
  8 kobolds
  A leopard gecko skeleton (D:6)
  A leopard gecko zombie (D:8)
  8 rats
245 creatures vanquished.

Notes
Turn   | Place    | Note
-------+----------+-------------------------------------------
     0 | D:1      | Faca the Gargoyle Gladiator began the quest for the Orb.
     0 | D:1      | Reached XP level 1. HP: 12/12 MP: 1/1
   234 | D:1      | Reached XP level 2. HP: 17/17 MP: 2/2
   701 | D:2      | Noticed a centaur
   708 | D:2      | Reached skill level 4 in Maces & Flails
   720 | D:2      | Killed a centaur
   720 | D:2      | Reached skill level 5 in Maces & Flails
   720 | D:2      | Reached XP level 3. HP: 10/21 MP: 3/3
   720 | D:2      | Reached XP level 4. HP: 13/26 MP: 4/4
  1012 | D:2      | Reached XP level 5. HP: 20/30 MP: 5/5
  1150 | D:2      | Noticed Jessica
  1167 | D:2      | Killed Jessica
  1167 | D:2      | Reached skill level 6 in Maces & Flails
  1307 | D:2      | Reached XP level 6. HP: 7/35 MP: 6/6
  1947 | D:3      | Noticed Natasha
  1959 | D:3      | Killed Natasha
  1978 | D:3      | Noticed Natasha
  1980 | D:3      | Reached skill level 7 in Maces & Flails
  2000 | D:2      | Killed Natasha
  2387 | D:3      | Noticed a dagger
  2389 | D:3      | Noticed a hand axe
  2391 | D:3      | Found a hide-covered altar of Uskayaw.
  2601 | D:3      | Found a runed door.
  2606 | D:3      | Noticed Crazy Yiuf
  2615 | D:3      | Killed Crazy Yiuf
  2688 | D:4      | Noticed Faca's ghost (novice GrFi)
  3033 | D:4      | Reached XP level 7. HP: 33/40 MP: 7/7
  3215 | D:4      | Reached skill level 8 in Maces & Flails
  3828 | D:4      | Killed Faca's ghost
  3828 | D:4      | Reached skill level 9 in Maces & Flails
  3828 | D:4      | Reached XP level 8. HP: 23/44 MP: 8/8
  4010 | D:4      | Found a shadowy altar of Dithmenos.
  4010 | D:4      | Found a bloodstained altar of Trog.
  4011 | D:4      | Found a radiant altar of Vehumet.
  4113 | D:5      | Entered Level 5 of the Dungeon
  4241 | D:5      | Found a burning altar of Makhleb.
  4242 | D:5      | Noticed a balrug
  4280 | D:5      | Reached skill level 10 in Maces & Flails
  4376 | D:5      | Found a faded altar of an unknown god.
  4378 | D:5      | Found a staircase to the Ecumenical Temple.
  4400 | D:5      | Became a worshipper of the Wu Jian Council
  4400 | D:5      | Reached * piety under Wu Jian
  4700 | D:6      | Noticed Prince Ribbit
  4755 | D:6      | Noticed Sigmund
  4761 | D:5      | Reached skill level 1 in Armour
  4793 | D:5      | Killed Prince Ribbit
  4905 | D:6      | Killed Sigmund
  5066 | D:6      | Reached XP level 9. HP: 49/51 MP: 9/9
  5283 | D:6      | Noticed Grinder
  5283 | D:6      | Paralysed by Grinder for 3 turns
  5295 | D:6      | Reached skill level 11 in Maces & Flails
  5302 | D:6      | Paralysed by Grinder for 2 turns
  5308 | D:6      | Killed Grinder
  5310 | D:6      | Reached ** piety under Wu Jian
  6491 | D:7      | Reached skill level 5 in Fighting
  6741 | D:7      | Reached skill level 12 in Maces & Flails
  6741 | D:7      | Reached skill level 5 in Armour
  7002 | D:8      | Reached XP level 10. HP: 60/60 MP: 10/10
  7213 | D:8      | Reached *** piety under Wu Jian
  8300 | D:8      | Noticed a two-headed ogre
  8308 | D:8      | Killed a two-headed ogre
  8653 | D:9      | Reached skill level 13 in Maces & Flails
  9128 | D:9      | Noticed a guardian serpent
  9133 | D:9      | Killed a guardian serpent
  9133 | D:9      | Reached **** piety under Wu Jian
  9133 | D:9      | Reached XP level 11. HP: 50/67 MP: 11/11
  9806 | D:10     | Entered Level 10 of the Dungeon
 10220 | D:10     | Found a staircase to the Lair.
 10528 | D:10     | Cast into level 1 of the Abyss (gnoll sergeant)
 10548 | Abyss:1  | Noticed a worldbinder
 10571 | Abyss:1  | Killed a worldbinder
 10642 | Abyss:1  | Slain by a large abomination

Skill      XL: |  1  2  3  4  5  6  7  8  9 10 11 |
---------------+----------------------------------+-----
Maces & Flails | 5 6 7 9 10 12 13 | 13.7
Armour         | 2 5 7 |  7.7
Fighting       | 3 5 7 8 |  8.2
Throwing       | |  1.7
Dodging        | |  2.4

Action                   |  1- 3 |  4- 6 |  7- 9 | 10-12 || total
-------------------------+-------+-------+-------+-------++-------
Melee: Flail             |    78 |   224 |   513 |   549 ||  1364
       Mace              |       |     7 |       |       ||     7
Invok: Lunge             |       |       |    15 |    10 ||    25
       Whirlwind         |       |       |    10 |    16 ||    26
       Wall Jump         |       |       |     4 |     5 ||     9
  Use: Potion            |     3 |     1 |     2 |     5 ||    11
       Scroll            |       |     7 |     5 |     4 ||    16
  Eat: Ration            |       |     2 |     4 |     3 ||     9
       Chunk             |       |     3 |     3 |       ||     6
Armor: Leather armour    |    56 |    23 |       |       ||    79
       Ring mail         |       |    78 |    15 |       ||    93
       Chain mail        |       |       |   360 |   445 ||   805
Dodge: Dodged            |    81 |   148 |   199 |   261 ||   689
